 Dungeon Crawl Stone Soup version 0.18.1-48-g4cf74bf (webtiles) character file.

53 RickumRackum the Charmwright (level 3, -1/29 HPs)
             Began as a Merfolk Skald on Aug 28, 2016.
             Slain by an adder (5 damage)
             ... on level 2 of the Dungeon.
             The game lasted 00:07:47 (1329 turns).

RickumRackum the Charmwright (Merfolk Skald)        Turns: 1329, Time: 00:07:47

Health: -1/29      AC:  1    Str: 12    XL:     3   Next: 87%
Magic:  4/6        EV: 12    Int: 11    God:
Gold:   66         SH:  0    Dex: 14    Spells: 2 memorised, 3 levels left

rFire  . . .     SeeInvis .     a - +0 falchion
rCold  . . .     Gourm    .     b - +0 leather armour
rNeg   . . .     Faith    .     (no shield)
rPois  .         Spirit   .     (no helmet)
rElec  .         Dismiss  .     k - +0 cloak
rCorr  .         Reflect  .     (no gloves)
SustAt .         Harm     .     (no boots)
MR     .....                    j - amulet of magic regeneration
Stlth  +.........               (no ring)
                                e - -3 ring of protection (curse)

@: lethally poisoned (-1 -> -7), infused (expiring), not resistant to hostile
enchantments, very unstealthy
A: change form in water, swift swim
a: no special abilities


You were on level 2 of the Dungeon.
You were not hungry.

You visited 1 branch of the dungeon, and saw 2 of its levels.

You collected 66 gold pieces.

Inventory:

Hand Weapons
 a - a +0 falchion (weapon)
Armour
 b - a +0 leather armour (worn)
 k - a +0 cloak (worn)
Jewellery
 e - a cursed -3 ring of protection (left hand)
 j - an amulet of magic regeneration (around neck)
Scrolls
 f - a scroll of enchant weapon {unknown}
 i - a scroll of blinking {unknown}
 m - a scroll of enchant armour {unknown}
Potions
 o - a potion of heal wounds {unknown}
 p - a potion of berserk rage {unknown}
Books
 c - a book of Battle

   Spells                             Type                      Level
   a - Infusion                       Charms                       1
   b - Shroud of Golubria             Charms/Translocation         2
   c - Song of Slaying                Charms                       2
   d - Spectral Weapon                Hexes/Charms                 3
   e - Regeneration                   Charms/Necromancy            3
Comestibles
 d - 2 bread rations
 g - 3 beef jerkies
 h - a meat ration
 l - 2 chunks of flesh


   Skills:
 + Level 3.0 Fighting
 + Level 3.1 Long Blades
 - Level 0.6 Armour
 + Level 3.1 Dodging
 - Level 2.0 Spellcasting
 - Level 3.2 Charms


You had 3 spell levels left.
You knew the following spells:

 Your Spells              Type           Power        Failure   Level  Hunger
a - Infusion              Chrm           #...         12%         1    ##.....
b - Shroud of Golubria    Chrm/Tloc      #.........   30%         2    ###....


Dungeon Overview and Level Annotations

Branches:
Dungeon (2/15)

Altars:
Dithmenos


Message History

The adder is heavily wounded.
The adder misses you. The adder barely misses you. The adder misses you.
The adder closely misses you.
You hit the adder!
You kill the adder!
Your Fighting skill increases to level 3!
Your Long Blades skill increases to level 3!
Your Dodging skill increases to level 3!
The adder bites you.
Unknown command.
You completely miss the adder.
Your magical infusion is running out.
You feel sick. The adder bites you.
* * * LOW HITPOINT WARNING * * *
You are lethally poisoned!
The adder poisons you! The adder barely misses you.
You hit the adder.
The adder is heavily wounded.
The adder bites you.
You die...

............#
####.###.......#
......####.....#
......#........#
...............#
..............#
#...........#
####...........#
#......@##.....#
#.....S.##.....#
#..............#
..............##
..............#
...............
...........[....
...#...##.....


You could see an adder.

Vanquished Creatures
  3 adders (D:2)
  A worm (D:2)
  A dart slug (D:1)
  A giant gecko (D:2)
  A giant cockroach (D:2)
  3 goblins (D:1)
  A hobgoblin (D:1)
  4 jackals (D:1)
  3 giant newts (D:1)
  2 kobolds (D:1)
  A rat (D:1)
21 creatures vanquished.

Notes
Turn   | Place    | Note
--------------------------------------------------------------
     0 | D:1      | RickumRackum the Merfolk Skald began the quest for the Orb.
     0 | D:1      | Reached XP level 1. HP: 16/16 MP: 3/3
   159 | D:1      | Reached XP level 2. HP: 8/23 MP: 3/5
   948 | D:1      | Learned a level 2 spell: Shroud of Golubria
  1046 | D:2      | Reached XP level 3. HP: 27/28 MP: 3/6
  1209 | D:2      | Found a shadowy altar of Dithmenos.
  1329 | D:2      | Slain by an adder

Skill      XL: |  1  2  3 |
---------------+----------+-----
Dodging        | 2 3 |  3.1
Fighting       | 3 |  3.0
Long Blades    | 3 |  3.1
Armour         | |  0.6
Spellcasting   | |  2.0
Charms         | |  3.2

Action                   || total
-------------------------++-------
Melee: Falchion          ||    76
 Cast: Infusion          ||     8
  Use: Scroll            ||     3
       Potion            ||     4
  Eat: Chunk             ||     2
Armor: Leather armour    ||     9
Dodge: Dodged            ||    53
